 Dungeon Crawl Stone Soup version 0.25.1-2-g60ff931df9 (webtiles) character file.

Game seed: 1795917097661528353

2387 Delamore the Basher (level 9, -1/54 HPs)
             Began as a Gargoyle Fighter on Sept 10, 2020.
             Was a Believer of Okawaru.
             Slain by an orc warrior
             ... wielding a +0 dire flail
              (23 damage)
             ... on level 6 of the Dungeon.
             The game lasted 00:07:41 (7865 turns).

Delamore the Basher (Gargoyle Fighter)              Turns: 7865, Time: 00:07:41

Health: -1/54      AC: 15    Str: 23    XL:     9   Next: 46%
Magic:  9/9        EV:  7    Int:  9    God:    Okawaru [**....]
Gold:   340        SH: 10    Dex:  9    Spells: 8/8 levels left

rFire    + . .     SeeInvis .   n - +0 whip (flame)
rCold    . . .     Gourm    .   c - +0 kite shield
rNeg     + + .     Faith    .   b - +0 scale mail
rPois    ∞         Spirit   .   j - +0 helmet
rElec    +         Reflect  .   (no cloak)
rCorr    .         Harm     .   (no gloves)
MR       .....                  w - +0 pair of boots
Stlth    ..........             G - amulet of the acrobat
HPRegen  0.18/turn              H - ring of positive energy
MPRegen  0.11/turn              k - ring of protection from fire

@: starving
A: negative energy resistance 1, electricity resistance, unbreathing,
petrification resistance, rot immunity, AC +6
a: Heroism, Renounce Religion


You were on level 6 of the Dungeon.
You worshipped Okawaru.
Okawaru was pleased with you.
You were starving.

You visited 2 branches of the dungeon, and saw 8 of its levels.
You also visited: Ossuary.

You collected 368 gold pieces.
You spent 28 gold pieces at shops.

Inventory:

Hand Weapons
 a - a +0 flail
 n - a +0 whip of flaming (weapon)
Missiles
 e - 8 curare-tipped darts (quivered)
 J - 4 boomerangs of dispersal
Armour
 b - a +0 scale mail (worn)
 c - a +0 kite shield (worn)
 j - a +0 helmet (worn)
 w - a +0 pair of boots (worn)
Jewellery
 k - a ring of protection from fire (right hand)
 y - a +6 ring of dexterity
 G - an amulet of the acrobat (around neck)
 H - a ring of positive energy (left hand)
 K - an uncursed ring of protection from cold
Wands
 o - a wand of iceblast (10)
 r - a wand of flame (14)
Scrolls
 g - a scroll of fear
 h - 2 scrolls of enchant weapon
 l - 6 scrolls of teleportation
 p - 2 scrolls of amnesia
 q - a scroll of immolation
 s - a scroll of enchant armour
 u - 2 scrolls of remove curse
 C - a scroll of summoning
 D - a scroll of blinking
 I - a scroll of noise {unknown}
 L - a scroll of magic mapping {unknown}
 M - a scroll of torment {unknown}
Potions
 d - 2 potions of might
 i - 2 potions of heal wounds
 m - 2 potions of curing
 t - 2 potions of resistance {unknown}
 v - 2 potions of lignification
 x - 3 potions of brilliance {unknown}
 z - a potion of stabbing {unknown}
 A - a potion of invisibility {unknown}
 B - a potion of haste {unknown}
 E - a potion of degeneration {unknown}
 F - 3 potions of flight {unknown}
Comestibles
 f - 11 rations


   Skills:
 - Level 5.0 Fighting
 + Level 11.4 Maces & Flails
 - Level 3.2 Armour
 - Level 5.0 Shields


You had 8 spell levels left.
You didn't know any spells.
Your spell library contained the following spells:

 Spells                   Type           Power        Failure   Level  Hunger
 Magic Dart               Conj           #...         98%         1    ##.....
 Searing Ray              Conj           #.....       99%         2    ###....
 Dazzling Flash           Conj/Hex       #.....       100%        3    ####...
 Fulminant Prism          Conj/Hex       #.........   100%        4    #####..
 Iskenderun's Mystic Bla  Conj/Tloc      #.......     100%        4    #####..


Dungeon Overview and Level Annotations

Branches:
Dungeon (7/15)             Temple (1/1) D:4         Ossuary (visited)

Altars:
Ashenzari
Cheibriados
Dithmenos
Gozag
Hepliaklqana
Kikubaaqudgha
Makhleb
Nemelex Xobeh
Okawaru
Qazlal
Ru
Sif Muna
Trog
Uskayaw
Vehumet
Xom
Yredelemnul
Zin

Shops:
D:5 *   D:6 *


Innate Abilities, Weirdness & Mutations

You are resistant to torment.
Your stone body is resilient. (AC +6)
You are immune to poison.
You resist negative energy. (rN+)
You are resistant to electric shocks. (rElec)
You can survive without breathing.
You are immune to petrification.
You are immune to rotting.


Message History

You feel better. You block the orc warrior's attack.
You hit the orc warrior but do no damage.
The orc warrior is severely wounded.
You block the orc warrior's attack.
You barely miss the orc warrior.
The orc warrior is severely wounded.
You barely miss the orc warrior.
The orc warrior is severely wounded.
The orc warrior closely misses you.
You closely miss the orc warrior.
The orc warrior is severely wounded.
You barely miss the orc warrior.
The orc warrior is severely wounded.
The orc warrior hits you but does no damage.
You hit the orc warrior. You burn the orc warrior.
The orc warrior is almost dead.
You hit the orc warrior. You burn the orc warrior.
The orc warrior is almost dead.
The orc warrior hits you with a +0 dire flail!!
You die...

#..........#
#..#....#.##
##.#.......#
#.#....####
#.#(..## #.###.#
#.###.## ########
#.##...## #......#
#@#.#.#.#######..#
#o.##.##.######..#
#.................
#...#.##.######..#
#.#.#.#.## #..#
#.#....########..#
#.................
###.#.########..##
#.#.#####.....##


You could see an orc warrior.

Vanquished Creatures
  Pikel (D:3)
  Menkaure (D:6)
  A water moccasin (D:7)
  A slave (D:3)
  2 sky beasts
  5 ogres
  A centaur (D:4)
  A bullfrog (D:6)
  2 scorpions
  A crimson imp (D:6)
  A howler monkey (D:4)
  2 hounds
  5 jellies (D:5)
  2 orc wizards
  A centaur skeleton (D:5)
  An iguana (D:6)
  2 worker ants
  A killer bee zombie (D:7)
  A hound zombie (D:7)
  13 mummies (Ossuary)
  A worker ant zombie (D:5)
  4 gnolls (D:3)
  7 adders
  A shadow imp (D:5)
  An ooze (D:5)
  3 worms
  4 leopard geckos
  6 orcs
  2 ball pythons
  3 giant cockroaches
  6 hobgoblins
  4 jackals (D:1)
  12 kobolds
  2 quokkas (D:5)
  4 bats
  7 frilled lizards
  2 gnoll skeletons (Ossuary)
  8 goblins
  3 kobold skeletons (Ossuary)
  A leopard gecko skeleton (D:4)
  A leopard gecko zombie (D:7)
  3 orc skeletons (Ossuary)
  A quokka zombie (D:5)
  9 rats
  11 rat skeletons (Ossuary)
  A rat zombie (D:5)
152 creatures vanquished.

Vanquished Creatures (others)
  A dart slug (D:4)
1 creature vanquished.

Grand Total: 153 creatures vanquished

Notes
Turn   | Place    | Note
-------+----------+-------------------------------------------
     0 | D:1      | Delamore the Gargoyle Fighter began the quest for the Orb.
     0 | D:1      | Reached XP level 1. HP: 14/14 MP: 1/1
   193 | D:1      | Reached XP level 2. HP: 13/19 MP: 2/2
   886 | D:1      | Found a sparkling altar of Nemelex Xobeh.
   921 | D:1      | Reached XP level 3. HP: 21/24 MP: 3/3
  1414 | D:2      | Reached XP level 4. HP: 19/29 MP: 4/4
  1570 | D:2      | Found a faded altar of an unknown god.
  1634 | D:2      | Reached skill level 3 in Maces & Flails
  2166 | D:2      | Found a faded altar of an unknown god.
  2166 | D:2      | Found an opulent altar of Gozag.
  2171 | D:2      | Found a faded altar of an unknown god.
  2173 | D:2      | Found a snail-covered altar of Cheibriados.
  2175 | D:2      | Found a shattered altar of Ashenzari.
  2248 | D:3      | Found a stormy altar of Qazlal.
  2275 | D:3      | Reached XP level 5. HP: 23/34 MP: 5/5
  2277 | D:3      | Found a hazy altar of Hepliaklqana.
  2277 | D:3      | Found a basalt altar of Yredelemnul.
  2353 | D:3      | Found an ancient bone altar of Kikubaaqudgha.
  2876 | D:4      | Found a snail-covered altar of Cheibriados.
  2880 | D:4      | Noticed a slave
  2883 | D:4      | Noticed Pikel
  2883 | D:4      | Noticed a slave
  2883 | D:4      | Noticed a slave
  2885 | D:4      | Noticed a slave
  2914 | D:3      | Killed a slave
  3021 | D:3      | Killed Pikel
  3021 | D:3      | Reached skill level 5 in Fighting
  3021 | D:3      | Reached skill level 6 in Maces & Flails
  3021 | D:3      | Reached skill level 5 in Shields
  3021 | D:3      | Reached XP level 6. HP: 27/40 MP: 6/6
  3021 | D:3      | Reached XP level 7. HP: 29/44 MP: 7/7
  3173 | D:4      | Reached skill level 7 in Maces & Flails
  3303 | D:4      | Found a staircase to the Ecumenical Temple.
  3422 | Temple   | Entered the Ecumenical Temple
  3568 | Temple   | Became a worshipper of Warmaster Okawaru
  3722 | D:4      | Found a sparkling altar of Nemelex Xobeh.
  3779 | D:4      | Reached XP level 8. HP: 8/49 MP: 8/8
  4308 | D:5      | Entered Level 5 of the Dungeon
  4684 | D:5      | Found a sand-covered staircase.
  4693 | Ossuary  | Entered an ossuary
  4823 | Ossuary  | Reached skill level 8 in Maces & Flails
  5337 | D:5      | Found Divuly's General Store.
  5669 | D:5      | Reached skill level 9 in Maces & Flails
  6254 | D:5      | Reached * piety under Okawaru
  6431 | D:5      | Reached skill level 10 in Maces & Flails
  6705 | D:6      | Noticed Menkaure
  6717 | D:6      | Killed Menkaure
  6717 | D:6      | Reached XP level 9. HP: 30/54 MP: 9/9
  7134 | D:6      | Found Irir's Assorted Antiques.
  7137 | D:6      | Bought a scroll labeled URIXZAESTRO for 28 gold pieces
  7413 | D:7      | Reached skill level 11 in Maces & Flails
  7504 | D:7      | Reached ** piety under Okawaru
  7865 | D:6      | Slain by an orc warrior

Illustrated notes

Levels and vault maps discovered:
D:1:      kennysheep_arrival_seaside, layout_loops_corners,
          minmay_misc_feat_iff, nemelex_xobeh_ov_fountains_minmay
D:2:      layout_loops_ring, chequers_temple_overflow_minitemple, first_ration,
          chequers_ecumenical_altar_simple
D:3:      layout_rooms, chequers_temple_overflow_statue_of_worship,
          minmay_goblin_kobold_house
D:4:      layout_basic, lemuel_coloured_pillars_altar, minmay_temple_entry_tees,
          cheibriados_altar_1, uniq_pikel
D:5:      minmay_spotlight, layout_basic, serial_shops, shop, enter_ossuary_4
D:6:      minmay_klotski, layout_loops_ring, serial_shops, kennysheep_mini_moat,
          uniq_menkaure
D:7:      minmay_s_stair_smasher, layout_basic
Temple:   dpeg_chambers_temple

Skill      XL: |  1  2  3  4  5  6  7  8  9 |
---------------+----------------------------+-----
Fighting       | 4 5 |  5.0
Shields        | 4 5 |  5.0
Maces & Flails | 3 6 7 10 11 | 11.4
Armour         | |  3.2

Action                   |  1- 3 |  4- 6 |  7- 9 || total
-------------------------+-------+-------+-------++-------
Melee: Flail             |   137 |   177 |       ||   314
       Whip              |       |       |   505 ||   505
Evoke: Wand              |       |       |     2 ||     2
  Use: Scroll            |       |       |    12 ||    12
       Potion            |       |       |     1 ||     1
  Eat: Chunk             |     2 |     5 |     7 ||    14
       Ration            |       |       |     2 ||     2
Armor: Scale mail        |    70 |   110 |   109 ||   289
Dodge: Dodged            |    44 |    57 |    68 ||   169
Block: Kite shield       |    55 |   104 |   151 ||   310
